 Dungeon Crawl Stone Soup version 0.26-a0-489-g112e8ad46e (webtiles) character file.

Game seed: 556339213819766210

0 MrRokkomies the Sneak (level 1, -1/10 HPs)
             Began as a Felid Delver on Aug 3, 2020.
             Killed from afar by a white imp (11 damage)
             ... with a puff of frost
             ... on level 5 of the Dungeon.
             The game lasted 00:01:01 (152 turns).

MrRokkomies the Sneak (Felid Delver)                 Turns: 152, Time: 00:01:02

Health: -1/10      AC:  1    Str:  8    XL:     1   Next: 8%
Magic:  2/2        EV: 18    Int: 11    God:
Gold:   19         SH:  0    Dex: 17    Spells: 0/0 levels left
                                        Lives:  0   Deaths: 0

rFire    . . .     SeeInvis +     - Unarmed
rCold    . . .     Faith    .   (shield unavailable)
rNeg     . . .     Spirit   .   (armour unavailable)
rPois    .         Reflect  .   (helmet unavailable)
rElec    .         Harm     .   (cloak unavailable)
rCorr    .                      (gloves unavailable)
MR       .....                  (boots unavailable)
Stlth    ++++......             (no amulet)
HPRegen  0.03/turn              (no ring)
MPRegen  0.08/turn              (no ring)

@: quick
A: very small, no armour, no weapons or thrown items, stealth, claws 1, fangs 3,
see invisible, speed 1, shaggy fur 1, sharp paws
a: no special abilities


You were on level 5 of the Dungeon.
You visited 1 branch of the dungeon, and saw 1 of its levels.

You collected 19 gold pieces.

Inventory:

Wands
 e - a wand of digging (3)
Scrolls
 a - a scroll of fog
 b - a scroll of magic mapping
 c - a scroll of fear
 f - a scroll of identify {unknown}
Potions
 d - a potion of haste


   Skills:
 + Level 3.0 Fighting
 * Level 2.7 Dodging
 + Level 6.6 Stealth
 * Level 2.0 Unarmed Combat


You couldn't memorise any spells.
You didn't know any spells.
Your spell library was empty.

Dungeon Overview and Level Annotations

Branches:
Dungeon (5/15)
 Temple: D:4-7

Altars:
Gozag
Vehumet


Innate Abilities, Weirdness & Mutations

You cannot wear armour.
You are incapable of wielding weapons or throwing items.
Your paws allow you to move quietly. (Stealth)
You have sharp claws.
You have razor-sharp teeth.
You have supernaturally acute eyesight. (SInv)
You cover ground quickly.
You are covered in fur. (AC +1)
Your sharp claws are effective at attacking unaware monsters.


Message History

You now have 16 gold pieces (gained 1).
You now have 17 gold pieces (gained 1).
There is an opulent altar of Gozag here.
You sit before the altar of Gozag.
Gozag does not accept service from beggars like you!
The service fee for joining is currently 22 gold; you only have 17.
Unknown command.
Press < or > to pray at altars.
You have 17 gold pieces.
You now have 18 gold pieces (gained 1).
You now have 19 gold pieces (gained 1).
A white imp comes into view.
The white imp gestures at you. The puff of frost misses you.
A frost-covered statue comes into view.
The white imp shouts, "Back with thee, thou twisted bat-fowling death-token!"
The white imp gestures at you. The puff of frost hits you!
Ouch! That really hurt!
You die...

########.# #.#
#.# #.# #.####
###....####.
#...........
#.#..#######
#.#.@#
............_.8
####....#......
#...5#######
#..... #.....
###.## #.


You could see a frost-covered statue (dormant) and a white imp.

Vanquished Creatures
  A frilled lizard (D:5)
1 creature vanquished.

Notes
Turn   | Place    | Note
-------+----------+-------------------------------------------
     0 | D:5      | MrRokkomies the Felid Delver began the quest for the Orb.
     0 | D:5      | Reached XP level 1. HP: 10/10 MP: 2/2
   115 | D:5      | Found an opulent altar of Gozag.
   152 | D:5      | Found a radiant altar of Vehumet.
   152 | D:5      | Noticed a frost-covered statue
   152 | D:5      | Killed from afar by a white imp

Illustrated notes

Levels and vault maps discovered:
D:5:      layout_loops_corners, grunt_gozag_breadcrumbs, vehumet_statue

Action                   || total
-------------------------++-------
Melee: Unarmed           ||     1
 Stab: Sleeping          ||     1
Dodge: Dodged            ||     1

Table legend: (Time is in decaauts)
 A = Elapsed time spent in this place.
 B = Non-inter-level travel time spent in this place.
 C = Inter-level travel time spent in this place.
 D = Time resting spent in this place.
 E = Time spent auto-exploring this place.
 F = Levels seen in this place.
 G = Mean time per level.
                   A        B        C        D        E       F      G
               +--------+--------+--------+--------+--------+-----+--------+
         Total |    124 |    124 |      0 |      0 |      0 |   1 |  124.0 |
       Dungeon |    124 |    124 |      0 |      0 |      0 |   1 |  124.0 |
               +--------+--------+--------+--------+--------+-----+--------+

Top non-repeatable levels by time:
     D:5: 124 daAuts
